 Dungeon Crawl Stone Soup version 0.30-a0-937-ga0a21ad780 (webtiles) character file.

Game seed: 4475192954570560851

67 Dirtsage the Slasher (level 3, -2/29 HPs)
             Began as a Demonspawn Fighter on Mar 24, 2023.
             Killed from afar by a white imp (9 damage)
             ... with a puff of frost
             ... summoned by Natasha
             ... on level 3 of the Dungeon.
             The game lasted 00:03:32 (1417 turns).

Dirtsage the Slasher (Demonspawn Fighter)           Turns: 1417, Time: 00:03:33

Health: -2/29      AC:  7    Str: 16    XL:     3   Next: 98%
Magic:  3/3        EV:  8    Int:  9    God:
Gold:   134        SH:  4    Dex: 14    Spells: 2/2 levels left

rFire   . . .      SeeInvis .    a - +0 long sword
rCold   . . .      Faith    .    c - +0 buckler
rNeg    . . .      Spirit   .    b - +0 scale mail
rPois   .          Reflect  .    (no helmet)
rElec   .          Rampage  .    (no cloak)
rCorr   .                        q - +0 pair of gloves
Will    .....                    (no boots) Stlth
                                 (no amulet)
HPRegen 0.24/turn                (no ring)
MPRegen 0.16/turn                (no ring)

@: slowed, very slow
A: powered by death 1, magic regeneration
a: no special abilities


You were on level 3 of the Dungeon.
You visited 1 branch of the dungeon, and saw 3 of its levels.

You collected 134 gold pieces.

Inventory:

Hand Weapons
 a - a +0 long sword (weapon)
Armour
 b - a +0 scale mail (worn)
 c - a +0 buckler (worn)
 q - a +0 pair of gloves (worn)
Scrolls
 g - a scroll of identify {unknown}
 h - a scroll of noise {unknown}
 i - 3 scrolls of teleportation {unknown}
 j - a scroll of fog {unknown}
 k - a scroll of magic mapping {unknown}
 o - a scroll of torment {unknown}
 p - a scroll of brand weapon {unknown}
Potions
 d - a potion of might
 e - 4 potions of curing {unknown}
 f - a potion of resistance {unknown}
 l - a potion of degeneration {unknown}
 m - 2 potions of flight {unknown}
 n - a potion of heal wounds {unknown}


   Skills:
 - Level 3.0 Fighting
 + Level 3.9 Long Blades
 - Level 2.6 Armour
 - Level 2.6 Shields


You had 2 spell levels left.
You didn't know any spells.
Your spell library contained the following spells:

 Spells                   Type           Power      Damage    Failure   Level
 Freeze                   Ice            0%         1d3       89%         1
 Dazzling Flash           Conj/Hex       0%         N/A       99%         3
 Frozen Ramparts          Ice            0%         1d1       99%         3
 Hailstorm                Conj/Ice       0%         3d3       99%         3
 Iskenderun's Mystic Bla  Conj/Tloc      0%         2d3       100%        4
 Starburst                Conj/Fire      0%         6d3       100%        6


Dungeon Overview and Level Annotations

Branches:
Dungeon (3/15)

Altars:

Annotations:
D:3 Natasha


Innate Abilities, Weirdness & Mutations

You regenerate a little health from kills.
You regenerate magic rapidly.


Message History

The adder hisses angrily.
The adder bites you.
You take 2 damage, and have 27/29 hp.
You hit the adder.
The adder is moderately wounded.
You block the adder's attack. The adder barely misses you.
You slash the adder!
You kill the adder!
No target in view!
HP restored.
An orc comes into view. It is wielding a +0 hand axe.
Health restored: 29 Natasha, Servant of Life and Death comes into view.
Found a sling.
Found a stone staircase leading up.
The orc shouts!
An orc comes into view. It is wielding a +0 short sword.
A goblin comes into view. It is wielding a +0 dagger.
Natasha casts a spell at you.
You feel yourself slow down.
A kobold comes into view. It is wielding a +0 dagger.
The kobold shouts!
You hear a shout!
The orc hits you but does no damage.
Natasha mumbles some strange words.
The orc hits you with a +0 hand axe.
You take 1 damage, and have 28/29 hp.
The white imp attacks as you move away!
The white imp hits you but does no damage.
The orc attacks as you move away! The orc misses you.
The white imp gestures at you. The puff of frost hits you!
The orc barely misses you.
You take 7 damage, and have 21/29 hp.
MASSIVE DAMAGE!!
Natasha howls an incantation.
Natasha's front paws start to glow.
There is a stone staircase leading up here.
Natasha claws you. The orc hits you with a +0 hand axe. The white imp hits you.
The white imp freezes you.
* * * LOW HITPOINT WARNING * * *
The white imp gestures at you. The puff of frost hits you!
You die...

###########
#.........#
#.....h...##
#....Ko@...##
#...o.5.......#
###...#######.#
##.g### .
##..##
#..#######
#.....<..)
#.........
#.........


You could see Natasha, a white imp (summoned), 2 orcs, a goblin and a kobold.

Vanquished Creatures
  An adder (D:3)
  2 worms (D:2)
  5 ball pythons
  4 endoplasms
  3 giant cockroaches (D:1)
  4 goblins
  3 hobgoblins (D:1)
  10 jackals
  2 quokkas
  4 bats
  3 frilled lizards
  3 kobolds
  3 rats (D:1)
47 creatures vanquished.

Vanquished Creatures (others)
  A plant (D:1)
1 creature vanquished.

Grand Total: 48 creatures vanquished

Notes
Turn   | Place    | Note
-------+----------+-------------------------------------------
     0 | D:1      | Dirtsage the Demonspawn Fighter began the quest for the
                  | Orb.
     0 | D:1      | Reached XP level 1. HP: 18/18 MP: 1/1
   207 | D:1      | Gained mutation: You regenerate a little health from kills.
                  | [demonic ancestry]
   207 | D:1      | Reached XP level 2. HP: 24/24 MP: 2/2
   349 | D:1      | Gained mutation: You regenerate magic rapidly. [demonic
                  | ancestry]
   349 | D:1      | Reached XP level 3. HP: 27/29 MP: 3/3
  1407 | D:3      | Noticed Natasha
  1417 | D:3      | Killed from afar by a white imp

Illustrated notes

Levels and vault maps discovered:
D:1:      eino_arrival_water_cross, layout_basic, serial_curves, eino_curves_01,
          eino_curves_02, eino_curves_03, minivault_19
D:2:      layout_loops_cross
D:3:      minmay_chambers_of_twos, layout_rooms, portal_sewer_entry_a,
          solitary_fountain, uniq_crazy_yiuf_cottage, uniq_terence, uniq_robin,
          uniq_natasha

Skill      XL: |  1  2 |
---------------+-------+-----
Long Blades    | 2 3 |  3.9
Fighting       | |  3.0
Armour         | |  2.6
Shields        | |  2.6

Action                     || total
---------------------------++-------
  Melee: Long sword        ||   155
 Armour: Scale mail        ||    95
  Dodge: Dodged            ||    87
  Block: Buckler           ||    48

Table legend: (Time is in decaauts)
 A = Elapsed time spent in this place.
 B = Non-inter-level travel time spent in this place.
 C = Inter-level travel time spent in this place.
 D = Time resting spent in this place.
 E = Time spent auto-exploring this place.
 F = Levels seen in this place.
 G = Mean time per level.
                   A        B        C        D        E       F      G
               +--------+--------+--------+--------+--------+-----+--------+
         Total |   1468 |   1408 |     60 |    116 |    947 |   3 |  489.3 |
       Dungeon |   1468 |   1408 |     60 |    116 |    947 |   3 |  489.3 |
               +--------+--------+--------+--------+--------+-----+--------+

Top non-repeatable levels by time:
     D:2: 819 daAuts
     D:1: 617 daAuts
     D:3: 31 daAuts
